 Dungeon Crawl Stone Soup version 0.28-a0-932-g843f935a50 (webtiles) character file.

Game seed: 10465607526267322380

156 cheechan the Bolt Thrower (level 5, -1/36 HPs)
             Began as an Octopode Hunter on Nov 27, 2021.
             Slain by an orc (10 damage)
             ... on level 4 of the Dungeon.
             The game lasted 00:16:19 (4000 turns).

cheechan the Bolt Thrower (Octopode Hunter)         Turns: 4000, Time: 00:16:21

Health: -1/36      AC:  1    Str: 12    XL:     5   Next: 37%
Magic:  4/4        EV: 14    Int: 13    God:
Gold:   84         SH:  0    Dex: 17    Spells: 4/4 levels left

rFire   + . .      SeeInvis .   j - +4 dagger
rCold   . . .      Faith    .   (no shield)
rNeg    . . .      Spirit   .   (helmet restricted)
rPois   .          Reflect  .   (no amulet)
rElec   .          Harm     .   g - ring of protection from fire
rCorr   .          Rampage  .   p - ring of willpower
Will    +....                   (no ring)
Stlth   +++.......              (no ring)
HPRegen 0.12/turn               (no ring)
MPRegen 0.09/turn               (no ring)
                                (no ring)
                                (no ring)

@: no status effects
A: almost no armour, amphibious, 8 rings, camouflage 1, gelatinous body 1,
(nimble swimmer 1), tentacles, antennae 1, agile 2, low mp 1
a: no special abilities


You were on level 4 of the Dungeon.
You visited 1 branch of the dungeon, and saw 4 of its levels.

You collected 84 gold pieces.

Inventory:

Hand Weapons
 a - a +1 hand crossbow
 e - a +1 dagger of distortion
 h - a +0 hunting sling
 j - a +4 dagger (weapon)
 n - a +1 dagger of venom
Missiles
 c - 29 bolts
 k - 49 arrows
 m - 20 sling bullets
Jewellery
 g - a ring of protection from fire (left tentacle)
 p - a ring of willpower (right tentacle)
Wands
 q - a wand of paralysis (6)
Scrolls
 r - a scroll of teleportation {unknown}
Potions
 b - 3 potions of haste
 d - 2 potions of curing
 f - 3 potions of might
 i - a potion of berserk rage
 l - a potion of degeneration {unknown}
 o - a potion of cancellation {unknown}


   Skills:
 + Level 2.8 Fighting
 + Level 5.7 Crossbows
 + Level 2.7 Dodging
 + Level 2.0 Stealth


You had 4 spell levels left.
You didn't know any spells.
Your spell library contained the following spells:

 Spells                   Type           Power      Damage    Failure   Level
 Foxfire                  Conj/Fire      0%         2x1d4     30%         1
 Conjure Flame            Conj/Fire      0%         6-21      67%         3
 Inner Flame              Hex/Fire       0%         N/A       67%         3
 Flame Wave               Conj/Fire      0%         3d3       97%         4


Dungeon Overview and Level Annotations

Branches:
Dungeon (4/15)
 Temple: D:4-7

Altars:


Innate Abilities, Weirdness & Mutations

You cannot wear most types of armour.
You are amphibious.
You can wear up to eight rings at the same time.
Your skin changes colour to match your surroundings (Stealth+).
Your rubbery body absorbs attacks. (AC +1, EV +1)
((You are camouflaged near water. (Stealth+)))
You have tentacles for arms and can constrict up to eight enemies at once.
You have a pair of small antennae on your head.
You are very agile. (Dex +4)
Your magical capacity is low. (-10% MP)


Message History

Unknown command.
Fire: 32 bolts
Press: ? - help, Shift-Dir - straight line, f/p - orc priest
Aim: an orc priest, wielding a +0 dagger and wearing a +0 leather armour (67% to hit)
You shoot a bolt. The bolt barely misses the orc priest.
The orc priest hits you with a +0 dagger.
The orc hits you with a +0 mace!
Fire: 31 bolts
Press: ? - help, Shift-Dir - straight line, f/p - orc priest
Aim: an orc priest, wielding a +0 dagger and wearing a +0 leather armour (67% to hit)
You shoot a bolt. The bolt closely misses the orc priest.
The orc priest calls down the wrath of Beogh upon you.
You resist with some effort. The orc hits you with a +0 mace.
Fire: 30 bolts
Press: ? - help, Shift-Dir - straight line, f/p - orc priest
Aim: an orc priest, wielding a +0 dagger and wearing a +0 leather armour (67% to hit)
You shoot a bolt. The bolt hits the orc priest!
The orc priest is heavily wounded.
The orc priest hits you with a +0 dagger.
The orc barely misses you. The orc priest closely misses you.
j - a +4 dagger (weapon)
An orc comes into view. It is wielding a +0 flail.
You completely miss the orc priest.
The orc shouts!
Your grab misses the orc priest.
You squeeze the orc priest, but do no damage.
The orc priest is heavily wounded.
The orc priest misses you. The orc closely misses you.
You hit the orc priest. Your grab misses the orc priest.
The orc priest is severely wounded.
The orc priest hits you with a +0 dagger.
The orc misses you. The orc closely misses you.
You hit the orc priest but do no damage.
You grab the orc priest.
The orc priest is severely wounded.
You constrict the orc priest, but do no damage.
The orc priest hits you with a +0 dagger.
* * * LOW HITPOINT WARNING * * *
The orc barely misses you. The orc hits you with a +0 flail!
You die...

#............#
#...
#............#
#...
#.#..........#
#...
#.#..........#
#...
#............#
####
###..........#
#..........#
#..........#
#....o@o..(#
######o#####
..(# #####


You could see an orc priest and 2 orcs.

Vanquished Creatures
  3 adders (D:3)
  4 gnolls (D:4)
  A worm (D:2)
  3 dart slugs (D:3)
  5 orcs
  4 ball pythons
  7 bats
  6 endoplasms
  3 giant cockroaches
  5 hobgoblins
  2 quokkas
  12 goblins
  11 kobolds
  A quokka skeleton (D:4)
  5 rats
72 creatures vanquished.

Notes
Turn   | Place    | Note
-------+----------+-------------------------------------------
     0 | D:1      | cheechan the Octopode Hunter began the quest for the Orb.
     0 | D:1      | Reached XP level 1. HP: 14/14 MP: 1/1
  1009 | D:1      | Reached XP level 2. HP: 19/19 MP: 2/2
  1026 | D:1      | Gained mutation: You are weak. (Str -2) [potion of
                  | mutation]
  1026 | D:1      | Gained mutation: One of your tentacles bears a spike.
                  | [potion of mutation]
  1027 | D:1      | Lost mutation: You are weak. (Str -2) [potion of mutation]
  1027 | D:1      | Lost mutation: One of your tentacles bears a spike. [potion
                  | of mutation]
  1027 | D:1      | Gained mutation: Your magical capacity is low. (-10% MP)
                  | [potion of mutation]
  1027 | D:1      | Gained mutation: You have hidden genetic potential. [potion
                  | of mutation]
  1027 | D:1      | Gained mutation: You have a pair of small antennae on your
                  | head. [potion of mutation]
  1372 | D:2      | Reached XP level 3. HP: 24/24 MP: 2/2
  1384 | D:2      | Gained mutation: You are agile. (Dex +2) [hidden potential]
  2389 | D:2      | Found a faded altar of an unknown god.
  2604 | D:3      | Reached skill level 5 in Crossbows
  2604 | D:3      | Reached XP level 4. HP: 22/30 MP: 3/3
  2615 | D:3      | Gained mutation: You are very agile. (Dex +4) [hidden
                  | potential]
  2615 | D:3      | Lost mutation: You have hidden genetic potential. [hidden
                  | potential expressed]
  3648 | D:4      | Reached XP level 5. HP: 31/35 MP: 4/4
  4000 | D:4      | Slain by an orc

Illustrated notes

Levels and vault maps discovered:
D:1:      elethiomel_arrival_maze, layout_basic
D:2:      layout_basic, dilly_ecumenical_altar_fadedgnrine,
          minmay_goblin_outpost
D:3:      layout_loops_ring
D:4:      layout_basic

Skill      XL: |  1  2  3  4  5 |
---------------+----------------+-----
Crossbows      | 5 |  5.7
Stealth        | 2 |  2.0
Fighting       | |  2.8
Dodging        | |  2.7

Action                   |  1- 3 |  4- 6 || total
-------------------------+-------+-------++-------
Melee: Hand crossbow     |    34 |    31 ||    65
       Constrict         |    10 |    11 ||    21
       Tentacles         |     8 |     9 ||    17
       Dagger            |       |     3 ||     3
 Fire: Hand crossbow     |    75 |    73 ||   148
  Use: Scroll            |     6 |     1 ||     7
       Potion            |     2 |     1 ||     3
 Stab: Sleeping          |     2 |     1 ||     3
Armor: Skin              |     9 |     3 ||    12
Dodge: Dodged            |    47 |    46 ||    93

Table legend: (Time is in decaauts)
 A = Elapsed time spent in this place.
 B = Non-inter-level travel time spent in this place.
 C = Inter-level travel time spent in this place.
 D = Time resting spent in this place.
 E = Time spent auto-exploring this place.
 F = Levels seen in this place.
 G = Mean time per level.
                   A        B        C        D        E       F      G
               +--------+--------+--------+--------+--------+-----+--------+
         Total |   4047 |   4047 |      0 |    603 |      0 |   4 | 1011.8 |
       Dungeon |   4047 |   4047 |      0 |    603 |      0 |   4 | 1011.8 |
               +--------+--------+--------+--------+--------+-----+--------+

Top non-repeatable levels by time:
     D:1: 1318 daAuts
     D:2: 1185 daAuts
     D:3: 996 daAuts
     D:4: 547 daAuts
